Unix NetHack Version 3.7.0-102 Work-in-progress - last build Apr 6 2024 13:22:21 (d302a6a9ff6341f1a922d8f5af178406b35fdf99,branch:master). Game began 2024-04-22 14:04:26, ended 2024-04-22 15:49:32. Raisse, lawful female dwarven Archeologist ^ # ---------- --|----- -+-|-- ----- ------- |....>...| ----- |<......#####.`...| |[..| |.....| |........| |....#### |.......# #.....| .....## |......## |........| |...| # |......|# #......####(C##.....######.......# |........| |.... ##.......| #----|. ## ##._..| # |.....|# |..*.....| ---.- --.----- # # :##+....## |.....|## ----.----- # # ##### |(..| # ---|--- ## # ### # ## ---.- ## # ## # # # # # ## # # ## # -.----- ## h # ## # # # -.---- .......#############u# # # ######### #### |....| |.....|## # # # #---------.-- |.....#######|......# # ############ #-..........| |....| #|.....|##########################..---+..- |..........| ------ #|.....|# # #.*......| |....(.....| #----.-- #|.......| |......[...| ####### ........| ------------ --------- Raisse the Investigator St:17 Dx:11 Co:18 In:12 Wi:16 Ch:11 Lawful Dlvl:6 $:19 HP:0(69) Pw:35(35) AC:-1 Xp:8/1392 T:8598 Latest messages: You see here a leash. You start digging. You hit the rock with all your might. You succeed in cutting away some rock. The door opens. You hit the snake. The snake misses! You hit the snake! The snake misses! The snake bites! You kill the snake! There is an open door here. You see here a snake corpse. F - a snake corpse. You see here a leash. There are several objects here. What do you want to sacrifice? [FL or ?*] F Your sacrifice is consumed in a flash of light! The gray unicorn butts! The gray unicorn kicks! The gray unicorn misses! The gray unicorn kicks! You hit the gray unicorn! The plains centaur shoots a crossbow bolt! The plains centaur misfires! The gray unicorn misses! The gray unicorn kicks! The gray unicorn butts! The gray unicorn kicks! The gray unicorn misses! The gray unicorn kicks! You start digging. You hit the rock with all your might. You stop digging. The gray unicorn butts! The gray unicorn misses! The gray unicorn butts! The gray unicorn kicks! You hit the gray unicorn. The plains centaur shoots a crossbow bolt! You are hit by a crossbow bolt. The gray unicorn butts! The gray unicorn kicks! The gray unicorn butts! The gray unicorn misses! You hit the gray unicorn! The gray unicorn butts! You die... Do you want your possessions identified? [ynq] (y) y Do you want to see your attributes? [ynq] (y) q Inventory: Coins $ - 19 gold pieces Amulets f - an uncursed amulet of ESP (being worn) Weapons a - an uncursed +2 bullwhip G - an uncursed +0 orcish dagger I - 7 uncursed +0 darts Armor A - an uncursed +0 dwarvish mithril-coat (being worn) B - an uncursed +0 pair of water walking boots (being worn) C - an uncursed +0 alchemy smock with text "I am an alchemist; if you see me running, try to catch up..." (being worn) H - an uncursed +2 orcish helm (being worn) O - an uncursed +0 Hawaiian shirt with a hula dancer motif (being worn) Comestibles e - 2 uncursed food rations L - an uncursed lizard corpse named the Lizard of Yendor Potions c - an uncursed potion of gain level D - an uncursed potion of object detection Rings v - a blessed +2 ring of gain strength (on right hand) Wands b - an uncursed wand of lightning (0:1) q - an uncursed wand of teleportation (0:2) Tools d - an uncursed +0 pick-axe (weapon in right hand) l - an uncursed tinning kit (0:74) u - an uncursed +0 unicorn horn Gems/Stones t - an uncursed touchstone Z - an uncursed luckstone Raisse the Archeologist's attributes: Background: You were an Investigator, a level 8 female dwarven Archeologist. You were lawful, on a mission for Quetzalcoatl who was opposed by Camaxtli (neutral) and Huhetotl (chaotic). You were right-handed. You were in the Dungeons of Doom, on level 6. You entered the dungeon 8598 turns ago. There was a full moon in effect when your adventure ended. You had 1392 experience points, 1168 more were needed to attain level 9. Basics: You had 0 out of 69 hit points. You had all 35 energy points (spell power). Your armor class was -1. Your wallet contained 19 zorkmids. Autopickup was on for '$!?/"=+' plus thrown, with exceptions. Final Characteristics: Your strength was 17 (base:15, limit:18/100). Your dexterity was 11 (limit:20). Your constitution was 18 (limit:20). Your intelligence was 12 (limit:16). Your wisdom was 16 (limit:16). Your charisma was 11 (limit:16). Final Status: You weren't hungry. You were unencumbered. You were wielding a pick-axe. You had expert skill with pick-axe. Final Attributes: You were piously aligned. You were poison resistant. You were acid resistant. Your items were protected from acid. You were telepathic. You had automatic searching. You had infravision. You were stealthy. You could walk on water. You were guarded. You were extremely lucky. You had extra luck. Bad luck did not time out for you. Good luck did not time out for you. You are dead. Miscellaneous: You never encountered a bones level. Total elapsed playing time was 34 minutes and 48 seconds. Major events: Turn 1: Raisse the lawful female dwarven Archeologist entered the dungeon 1279: entered the Gnomish Mines 1650: attained the rank of Field Worker (level 3) 4546: attained the rank of Investigator (level 6) 8598: killed by a gray unicorn Vanquished creatures: a human mummy a giant beetle a quivering blob a leprechaun 3 iron piercers a dwarf mummy a werewolf 2 lizards a dingo a dog a black unicorn a dust vortex 2 ravens 2 plains centaurs a snake 2 apes 2 Woodland-elves 2 imps a quasit a water nymph a mountain nymph 2 orc shamans a rock piercer 2 rock moles a pony 2 fog clouds 4 yellow lights a violet fungus a gnomish wizard 2 gray oozes a ghoul a straw golem a paper golem 2 giant ants 2 floating eyes 2 kittens 2 homunculi 2 kobold shamans 4 hill orcs 4 rothes a rabid rat 3 giant bats an orc zombie a wererat 4 iguanas 2 coyotes a hobbit 2 large kobolds 3 hobgoblins 5 giant rats 2 cave spiders 2 yellow molds 2 garter snakes 3 geckos 13 jackals 2 foxes 2 kobolds 2 goblins 4 sewer rats 9 grid bugs 3 bats 9 lichens a kobold zombie 4 newts 147 creatures vanquished. No species were genocided or became extinct. Voluntary challenges: You read items or engraved 13 times. You never engraved Elbereth. You never genocided any monsters. You never polymorphed an object. You used no wishes. Achievements: You entered the Gnomish Mines. You entered a shop. You attained the rank of Field Worker. You attained the rank of Investigator. The Dungeons of Doom: levels 1 to 7 Level 1: Level 2: Some fountains, a sink. Stairs down to The Gnomish Mines. Level 3: Level 4: A fountain. Level 5: A fountain. Level 6: <- You were here. An altar to Quetzalcoatl. Final resting place for you, killed by a gray unicorn. Level 7: The Gnomish Mines: Level 3: Game over: ---------- / \ / REST \ / IN \ / PEACE \ / \ | Raisse | | 19 Au | | killed by a gray | | unicorn | | | | | | 2024 | *| * * * | * _________)/\\_//(\/(/\)/\//\/|_)_______ Goodbye Raisse the Archeologist... You died in The Dungeons of Doom on dungeon level 6 with 5916 points, and 19 pieces of gold, after 8598 moves. You were level 8 with a maximum of 69 hit points when you died.